 Dungeon Crawl Stone Soup version 0.19-a0-459-gb8ed64d (webtiles) character file.

63 Skanax the Grave Robber (level 3, 0/24 HPs)
             Began as a Demonspawn Necromancer on June 1, 2016.
             Slain by tstbtto's ghost (4 damage)
             ... on level 3 of the Dungeon on June 2, 2016.
             The game lasted 00:10:21 (2176 turns).

Skanax the Grave Robber (Demonspawn Necromancer)    Turns: 2176, Time: 00:10:22

Health: 0/24       AC:  5    Str:  8    XL:     3   Next: 89%
Magic:  7/7        EV: 12    Int: 17    God:
Gold:   155        SH:  0    Dex: 13    Spells: 3 memorised, 2 levels left

rFire  . . .     SeeInvis .     h - +3 dagger
rCold  . . .     Gourm    .     a - +1 robe
rNeg   . . .     Faith    .     (no shield)
rPois  .         Spirit   .     m - +0 helmet
rElec  .         Dismiss  .     (no cloak)
rCorr  .         Reflect  .     l - +0 pair of gloves
SustAt .         Harm     .     (no boots)
MR     +....                    (no amulet)
Stlth  ++........               (no ring)
                                q - ring of protection from magic

@: somewhat resistant to hostile enchantments, unstealthy
A: spiny 1, rot immunity
a: no special abilities


You were on level 3 of the Dungeon.
You were full.

You visited 1 branch of the dungeon, and saw 3 of its levels.

You collected 155 gold pieces.

Inventory:

Hand Weapons
 e - a +0 dagger
 h - a +3 dagger (weapon)
 n - a +0 hunting sling
Missiles
 d - 15 poisoned needles
 o - 34 stones (quivered)
Armour
 a - a +1 robe (worn)
 k - a +0 pair of gloves
 l - a +0 pair of gloves (worn)
 m - a +0 helmet (worn)
Jewellery
 q - a ring of protection from magic (left hand)
Scrolls
 i - a scroll of remove curse
 j - a scroll of teleportation
 p - a scroll of identify
Books
 b - a book of Necromancy

   Spells                             Type                      Level
   a - Pain                           Necromancy                   1
   b - Animate Skeleton               Necromancy                   1
   c - Vampiric Draining              Necromancy                   3
   d - Regeneration                   Charms/Necromancy            3
   e - Animate Dead                   Necromancy                   4
   f - Control Undead                 Necromancy                   4
Comestibles
 c - 2 bread rations
 g - a meat ration


   Skills:
 + Level 0.2 Fighting
 + Level 1.8 Dodging
 + Level 1.8 Stealth
 + Level 2.7 Spellcasting
 + Level 5.4 Necromancy


You had 2 spell levels left.
You knew the following spells:

 Your Spells              Type           Power        Failure   Level  Hunger
a - Pain                  Necr           ###.         1%          1    #......
b - Animate Skeleton      Necr           N/A          1%          1    #......
c - Regeneration          Chrm/Necr      ##........   21%         3    ###....


Dungeon Overview and Level Annotations

Branches:
Dungeon (3/15)

Altars:

Annotations:
D:3 tstbtto's ghost, amateur NaWr


Innate Abilities, Weirdness & Mutations

You are partially covered in sharp spines.
You are immune to rotting.


Message History

Tstbtto's ghost says, "There is no future for me!"
Tstbtto's ghost hits you.
You hit tstbtto's ghost but do no damage.
Tstbtto's ghost is lightly damaged.
Tstbtto's ghost hits you.
You hit tstbtto's ghost but do no damage.
Tstbtto's ghost is lightly damaged.
Tstbtto's ghost is struck by your spines.
Tstbtto's ghost hits you.
You hit tstbtto's ghost but do no damage.
Tstbtto's ghost is lightly damaged.
Tstbtto's ghost hits you.
* * * LOW HITPOINT WARNING * * *
You hit tstbtto's ghost but do no damage.
Tstbtto's ghost is lightly damaged.
Tstbtto's ghost hits you but does no damage.
You hit tstbtto's ghost.
Tstbtto's ghost is lightly damaged.
Tstbtto's ghost hits you.
You die...

#.#..#.#.#
#.####.#.# #.#
#.#....#.#######.#
#.#.#..#......##.#
#.#.#..######.##(#
#.#.#..# #.##(#
#.#.#########.##(#
#.#...........##W#
#.#....#########@#
..'....'.......#.#
#.#....#######.#.#
#'#....# #.#.#
....#### #.#.#
....# #.#.# ....#
#.#.# ....# #.#.#
....# #.#.#


You could see tstbtto's ghost.

Vanquished Creatures
  3 adders
  An ooze (D:1)
  A worm (D:2)
  A dart slug (D:3)
  4 goblins
  5 hobgoblins
  2 jackals (D:1)
  A ball python (D:2)
  4 bats
  A giant newt (D:1)
  3 kobolds
  A rat (D:3)
27 creatures vanquished.

Vanquished Creatures (collateral kills)
  A goblin (D:2)
  A hobgoblin (D:2)
2 creatures vanquished.

Grand Total: 29 creatures vanquished

Notes
Turn   | Place    | Note
--------------------------------------------------------------
     0 | D:1      | Skanax the Demonspawn Necromancer began the quest for the Orb.
     0 | D:1      | Reached XP level 1. HP: 13/13 MP: 3/3
     2 | D:1      | Learned a level 1 spell: Animate Skeleton
   561 | D:1      | Gained mutation: You are partially covered in sharp spines. [demonic ancestry]
   561 | D:1      | Reached XP level 2. HP: 19/19 MP: 3/5
   653 | D:1      | Reached skill level 5 in Necromancy
  1432 | D:2      | Gained mutation: You are immune to rotting. [demonic ancestry]
  1432 | D:2      | Reached XP level 3. HP: 23/24 MP: 3/6
  1437 | D:2      | Learned a level 3 spell: Regeneration
  1612 | D:2      | You fall through a shaft!
  1923 | D:3      | Upgraded the game from 0.19-a0-450-g98b348d to 0.19-a0-459-gb8ed64d
  2162 | D:3      | Noticed tstbtto's ghost (amateur NaWr)
  2176 | D:3      | Slain by tstbtto's ghost

Vault maps used:
D:1:      dpeg_arrival_pits
D:3:      serial_glass, glass_columns_a, glass_columns_b, grunt_ministairs_13,
          uniq_robin

Skill      XL: |  1  2 |
---------------+-------+-----
Necromancy     | 5 |  5.4
Fighting       | |  0.2
Dodging        | |  1.8
Stealth        | |  1.8
Spellcasting   | |  2.7

Action                   || total
-------------------------++-------
Melee: Unarmed           ||     8
       Dagger            ||    21
Throw: Stone             ||     4
 Cast: Pain              ||    53
       Animate Skeleton  ||    15
  Use: Scroll            ||     8
       Potion            ||     4
 Stab: Distracted        ||     1
  Eat: Chunk             ||     4
       Meat ration       ||     1
Armor: Robe              ||     7
Dodge: Dodged            ||    18
